 Dungeon Crawl Stone Soup version 0.28.0-43-g3370ac3207 (webtiles) character file.

Game seed: 14607401430794194645

1579 pkoi the Destroyer (level 8, -5/57 HPs)
             Began as an Octopode Conjurer on Mar 17, 2022.
             Was a Follower of Vehumet.
             Killed from afar by an orc wizard (7 damage)
             ... with a magic dart
             ... on level 5 of the Dungeon.
             The game lasted 00:10:41 (6535 turns).

pkoi the Destroyer (Octopode Conjurer)              Turns: 6535, Time: 00:10:42

Health: -5/57      AC:  1    Str: 12    XL:     8   Next: 91%
Magic:  6/17       EV: 14    Int: 23    God:    Vehumet [*.....]
Gold:   377        SH:  0    Dex: 10    Spells: 8/19 levels left

rFire   . . .      SeeInvis .   g - +8 demon trident "Rift" {distort, reach+}
rCold   . . .      Faith    .   (no shield)
rNeg    . . .      Spirit   .   (helmet restricted)
rPois   .          Reflect  .   (no amulet)
rElec   .          Harm     .   f - +6 ring of strength
rCorr   .          Rampage  .   (no ring)
Will    .....                   (no ring)
Stlth   +++.......              (no ring)
HPRegen 0.19/turn               (no ring)
MPRegen 0.15/turn               (no ring)
                                (no ring)
                                (no ring)

@: flying
A: almost no armour, amphibious, 8 rings, camouflage 1, gelatinous body 1,
(nimble swimmer 1), tentacles
a: Renounce Religion


You were on level 5 of the Dungeon.
You worshipped Vehumet.
Vehumet was aware of your devotion.
You visited 1 branch of the dungeon, and saw 6 of its levels.

You collected 1306 gold pieces.
You spent 929 gold pieces at shops.

Inventory:

Hand Weapons
 g - the +8 demon trident "Rift" (weapon) {distort, reach+}
   (You bought it in a shop on level 4 of the Dungeon)

   It warps and distorts space around it, and may blink, banish, or inflict
   extra damage upon those it strikes.
   Unwielding it can cause banishment or high damage.
   It can reach especially far, and its reaching attacks ignore other creatures
   in the way.
Jewellery
 f - a +6 ring of strength (left tentacle)
Scrolls
 b - a scroll of amnesia
 h - a scroll of brand weapon {unknown}
 j - a scroll of immolation {unknown}
 k - 2 scrolls of vulnerability
 l - a scroll of teleportation
Potions
 a - a potion of haste {unknown}
 c - 2 potions of flight
 e - a potion of ambrosia {unknown}
 i - 4 potions of curing
 m - a potion of lignification {unknown}


   Skills:
 + Level 5.8 Fighting
 + Level 1.4 Polearms
 - Level 6.0 Dodging
 - Level 2.6 Stealth
 - Level 6.0 Spellcasting
 - Level 9.2 Conjurations
 + Level 0.7 Hexes
 - Level 7.0 Translocations


You had 8 spell levels left.
You knew the following spells:

 Your Spells              Type           Power      Damage    Failure   Level
a - Magic Dart            Conj           100%       1d8       1%          1
b - Searing Ray           Conj           98%        2d8       1%          2
c - Iskenderun's Mystic   Conj/Tloc      44%        2d10      3%          4
d - Fulminant Prism       Conj/Hex       14%        3d9       11%         4

Your spell library contained the following spells:

 Spells                   Type           Power      Damage    Failure   Level
 Foxfire                  Conj/Fire      100%       2x1d9     1%          1
 Conjure Flame            Conj/Fire      28%        6-21      3%          3
 Dazzling Flash           Conj/Hex       58%        N/A       3%          3
 Sticky Flame             Conj/Fire      28%        2d5       13%         4
 Ignite Poison            Fire/Tmut/Pois 6%         N/A       26%         3


Dungeon Overview and Level Annotations

Branches:
Dungeon (6/15)             Temple (0/1) D:4

Altars:
Elyvilon
Kikubaaqudgha
Ru
Sif Muna
Trog
Vehumet
Xom
Yredelemnul
Zin

Shops:
D:4 ?[(=   D:5 (


Innate Abilities, Weirdness & Mutations

You cannot wear most types of armour.
You are amphibious.
You can wear up to eight rings at the same time.
Your skin changes colour to match your surroundings (Stealth+).
Your rubbery body absorbs attacks. (AC +1, EV +1)
((You are camouflaged when in or above water. (Stealth+)))
You have tentacles for arms and can constrict up to eight enemies at once.


Message History

You are more poisoned.
The scorpion poisons you! The orc misses you. Something hits you.
* * * LOW HITPOINT WARNING * * *
The orc wizard completely misses you.
You climb upwards.
Reactivating autopickup.
You feel very sick.
There is a stone staircase leading down here.
Unknown command.
Unknown command.
As you read the scroll of fear, it crumbles to dust.
You assume a fearsome visage.
The orc looks frightened!
The scorpion looks frightened!
The orc looks frightened!
You feel very sick.
The orc screams, "Help!"
You feel sick.
You feel sick.
You feel sick.
Your magical contamination has completely faded away.
You feel sick.
You feel sick.
You feel sick.
You feel sick.
You feel sick.
You are no longer poisoned.
A magic dart appears from out of thin air!
Deactivating autopickup; reactivate with Ctrl-A.
The magic dart hits you!
* * * LOW HITPOINT WARNING * * *
A magic dart appears from out of thin air!
The magic dart hits you!
* * * LOW HITPOINT WARNING * * *
The orc seems to regain its courage.
It was a potion of flight.
You feel very buoyant.
You fly up into the air.
An orc wizard appears from thin air!
Reactivating autopickup.
The orc wizard gestures at you while chanting.
The magic dart hits you!
You die...

##........## #..........#
#......o...################
#>...........#...[........#
#......oo.................####
#.........................#...
##.^......................#...
#.........................#...
#............@......<.....##.#
####............#................
..(...........###............##..
..s...........# ##..####.######..
.............## ##...###.######..
............## ##........#....#.#
......#.##.## #..#####..#....#.#
.........#.# #.## ##.#....#..
..........)#####.# #......##.


You could see an orc wizard and 2 orcs.

Vanquished Creatures
  Sigmund (D:3)
  3 necrophages
  An ogre (D:5)
  4 scorpions (D:5)
  A water moccasin skeleton (D:4)
  2 howler monkeys
  A hound (D:4)
  A gnoll shaman (D:3)
  An iguana (D:5)
  Crazy Yiuf (D:4)
  4 adders
  4 gnolls
  A white imp (D:6)
  An ufetubus (D:5)
  An adder skeleton (D:4)
  A worm (D:2)
  4 dart slugs
  5 orcs
  3 ball pythons
  5 bats
  5 endoplasms
  7 giant cockroaches
  6 hobgoblins
  10 quokkas
  4 frilled lizards
  4 goblins
  7 kobolds
  4 rats
92 creatures vanquished.

Vanquished Creatures (others)
  2 plants (D:1)
2 creatures vanquished.

Grand Total: 94 creatures vanquished

Notes
Turn   | Place    | Note
-------+----------+-------------------------------------------
     0 | D:1      | pkoi the Octopode Conjurer began the quest for the Orb.
     0 | D:1      | Reached XP level 1. HP: 11/11 MP: 3/3
   163 | D:1      | Reached XP level 2. HP: 17/17 MP: 0/5
   697 | D:1      | Reached XP level 3. HP: 21/21 MP: 2/6
   789 | D:1      | Reached skill level 5 in Conjurations
  1846 | D:2      | Found a faded altar of an unknown god.
  2315 | D:2      | Reached XP level 4. HP: 27/27 MP: 5/7
  2791 | D:3      | Learned a level 2 spell: Searing Ray
  2796 | D:3      | Learned a level 4 spell: Iskenderun's Mystic Blast
  3060 | D:3      | Noticed Sigmund
  3071 | D:3      | Killed Sigmund
  3072 | D:3      | Reached skill level 6 in Conjurations
  3072 | D:3      | Reached XP level 5. HP: 31/31 MP: 1/8
  3347 | D:3      | Reached XP level 6. HP: 36/36 MP: 7/9
  3596 | D:3      | Found a basalt altar of Yredelemnul.
  3596 | D:3      | Found a shimmering altar of Xom.
  3597 | D:3      | Found a white marble altar of Elyvilon.
  3597 | D:3      | Found a glowing silver altar of Zin.
  3597 | D:3      | Found a radiant altar of Vehumet.
  3598 | D:3      | Found an ancient bone altar of Kikubaaqudgha.
  3598 | D:3      | Found a sacrificial altar of Ru.
  3599 | D:3      | Found a bloodstained altar of Trog.
  3610 | D:3      | Became a worshipper of Vehumet
  4311 | D:4      | Noticed a necrophage
  4316 | D:4      | Found Lyluff's Jewellery Boutique.
  4530 | D:4      | Killed a necrophage
  4623 | D:4      | Found Kuirag's Weapon Boutique.
  4670 | D:4      | Reached XP level 7. HP: 38/41 MP: 3/10
  4680 | D:4      | Reached skill level 7 in Conjurations
  4687 | D:4      | Identified a scroll of acquirement
  4692 | D:4      | Found Iddets's Magic Scroll Shop.
  4768 | D:4      | Found Soutuqoc's Armour Shoppe.
  4829 | D:4      | Reached skill level 5 in Fighting
  4829 | D:4      | Reached skill level 5 in Spellcasting
  4829 | D:4      | Reached skill level 9 in Conjurations
  4829 | D:4      | Reached XP level 8. HP: 56/56 MP: 10/16
  4838 | D:4      | Found a runed translucent door.
  4839 | D:4      | Noticed Crazy Yiuf
  5059 | D:4      | Reached * piety under Vehumet
  5059 | D:4      | Offered knowledge of Foxfire by Vehumet.
  5226 | D:4      | Acquired 1113 gold pieces
  5228 | D:4      | Bought the +8 demon trident "Rift" {distort, reach+} for
                  | 929 gold pieces
  5228 | D:4      | Found the +8 demon trident "Rift" {distort, reach+}
  5287 | D:4      | Found a staircase to the Ecumenical Temple.
  5498 | D:4      | Killed Crazy Yiuf
  5572 | D:5      | Entered Level 5 of the Dungeon
  5719 | D:5      | Identified the +4 hunting sling of a Million Geomancers
                  | {freeze, rElec rF- Will+++ Str-3}
  6026 | D:5      | Found Nozxazygg's Weapon Shop.
  6081 | D:5      | Learned a level 4 spell: Fulminant Prism
  6262 | D:5      | Reached skill level 1 in Polearms
  6508 | D:6      | Found a shimmering blue altar of Sif Muna.
  6531 | D:5      | HP: 2/57 [something/magic dart (9)]
  6535 | D:5      | Killed from afar by an orc wizard

Illustrated notes

Levels and vault maps discovered:
D:1:      minmay_arrival_floating_metal, layout_basic, minmay_door_square,
          serial_bayou_crossing
D:2:      layout_basic, ebering_ecumenical_altar_abandoned
D:3:      layout_loops_corners, grunt_temple_overflow_open,
          kennysheep_cross_bottleneck, uniq_sigmund
D:4:      layout_cave_pools, minmay_temple_entry_nine_rooms,
          gup_sewer_entry_pipe, serial_shops, nicolae_shop_bloodbath_and_beyond,
          nicolae_diamond_shop, nicolae_lakefront_shop, nicolae_shop_crystal,
          minmay_misc_feat_four_crosses, grunt_ministairs_1,
          uniq_crazy_yiuf_cottage
D:5:      layout_rooms, serial_shops, shop
D:6:      layout_loops_ring, mainiacjoe_overflow_concentric_impassable,
          serial_glass, glass_columns_b, glass_columns_b, dk_noncrumbling_2,
          kennysheep_cluttered_room

Skill      XL: |  1  2  3  4  5  6  7  8 |
---------------+-------------------------+-----
Conjurations   | 5 6 9 |  9.2
Translocations | 2 3 6 7 |  7.0
Fighting       | 5 |  5.8
Dodging        | 6 |  6.0
Spellcasting   | 5 6 |  6.0
Polearms       | 1 |  1.4
Stealth        | |  2.6
Hexes          | |  0.7

Action                   |  1- 3 |  4- 6 |  7- 9 || total
-------------------------+-------+-------+-------++-------
Melee: Whip              |       |       |     6 ||     6
       Constrict         |       |       |     1 ||     1
       Demon trident     |       |       |    13 ||    13
 Cast: Magic Dart        |    64 |    68 |    58 ||   190
       Searing Ray       |       |     4 |     1 ||     5
       Iskenderun's Myst |       |       |    16 ||    16
  Use: Scroll            |     2 |     6 |     4 ||    12
       Potion            |       |       |     2 ||     2
 Stab: Sleeping          |       |       |     1 ||     1
Armor: Skin              |     1 |       |       ||     1
Dodge: Dodged            |     2 |     7 |    14 ||    23
